AoeStats
← ySmplePat_

Arabia

509923395Analyzed
1v1 RM · 3d ago on Sep 28, 2026· 55m 33s· 2 players
Game mode
Random Map
Map size
Tiny (2 player)
Population
200
Speed
Normal
Resources
Standard
Victory
Conquest
Starting age
Dark Age
Ending age
Imperial Age
RankedLock teamsTeams togetherTeam positionsShared explorationLock speedFull tech treeHidden civsTurbo modeCheats
Victory
Defeat
🇩🇪 Poles · Germany
1256
+17
1282
-17
ySmplePat_
0:27 Loom
6:20 Loom
9:27 Feudal Age
9:54 Horse Collar
10:01 Double-Bit Axe
19:50 Castle Age
18:03 Gold Mining
18:49 Bloodlines
18:51 Forging
19:41 Scale Barding Armor
22:00 Bow Saw
26:20 Stone Mining
27:17 Iron Casting
27:02 Chain Barding Armor
27:35 Wheelbarrow
26:45 Town Watch
29:27 Husbandry
30:03 Hand Cart
30:30 Stone Shaft Mining
32:33 Szlachta Privileges
38:34 Town Patrol
41:19 Imperial Age
42:05 Scale Mail Armor
42:14 Heavy Plow
43:28 Blast Furnace
41:51 Cavalier
44:01 Chain Mail Armor
44:49 Conscription
47:27 Plate Mail Armor
47:30 Crop Rotation
46:29 Elite Obuch
50:00 Light Cavalry
51:09 Winged Hussar
Steve aus Long Island
6:35 Loom
9:00 Feudal Age
9:55 Double-Bit Axe
11:49 Horse Collar
20:02 Castle Age
19:18 Gold Mining
19:58 Forging
19:55 Scale Barding Armor
21:00 Bloodlines
20:51 Husbandry
22:21 Chain Barding Armor
36:03 Iron Casting
40:39 Imperial Age
38:44 Wheelbarrow
37:55 Town Watch
38:35 Bow Saw
38:39 Pikeman
39:19 Squires
39:56 Light Cavalry
40:45 Heavy Plow
40:47 Cavalier
42:08 Plate Barding Armor
40:59 Winged Hussar
42:04 Town Patrol
42:13 Paladin
43:59 Ballistics
44:39 Chemistry
43:35 Murder Holes
44:17 Conscription
44:00 Tower Shields
45:27 Devotion
46:42 Crop Rotation
47:15 Hoardings
47:18 Hand Cart
46:57 Stone Mining
47:19 Elite Leitis
48:45 Faith
48:53 Arson
49:20 Hill Forts
49:23 Fletching
49:34 Padded Archer Armor
51:42 Fortified Wall
53:44 Halberdier
54:33 Halberdier
Connection lost

Rejoining the realm…

Still unreachable

The connection could not be restored.

Session expired

The server has moved on; the page needs a fresh start.